 Dungeon Crawl Stone Soup version 0.28-a0-1524-ge72afd5fc6 (webtiles) character file.

Game seed: 7556724074408287353

459 RepHenryClay the Ducker (level 6, -5/44 HPs)
             Began as a Demonspawn Gladiator on Jan 18, 2022.
             Slain by a troll (9 damage)
             ... on level 5 of the Dungeon.
             The game lasted 00:05:20 (4482 turns).

RepHenryClay the Ducker (Demonspawn Gladiator)      Turns: 4482, Time: 00:05:20

Health: -5/44      AC:  7    Str: 14    XL:     6   Next: 78%
Magic:  6/6        EV: 13    Int: 11    God:
Gold:   256        SH:  6    Dex: 19    Spells: 5/5 levels left

rFire   . . .      SeeInvis .   a - +0 trident
rCold   . . .      Faith    .   (no shield)
rNeg    . . .      Spirit   .   g - +0 ring mail
rPois   .          Reflect  .   c - +1 helmet
rElec   .          Harm     .   (no cloak)
rCorr   .          Rampage  .   (no gloves)
Will    .....                   (no boots)
Stlth   +.........              (no amulet)
HPRegen 0.14/turn               (no ring)
MPRegen 0.10/turn               (no ring)

@: invisible
A: large bone plates 2, ignite blood 1, agile 1, clever 1, noise suppression
a: no special abilities


You were on level 5 of the Dungeon.
You visited 1 branch of the dungeon, and saw 5 of its levels.

You collected 256 gold pieces.

Inventory:

Hand Weapons
 a - a +0 trident (weapon)
Missiles
 d - 3 poisoned darts (quivered)
Armour
 b - a +0 leather armour
 c - a +1 helmet (worn)
 g - a +0 ring mail (worn)
Jewellery
 i - a ring of ice
 m - a ring of willpower
Wands
 k - a wand of acid (5)
Scrolls
 f - a scroll of enchant weapon
 j - 3 scrolls of teleportation
 l - a scroll of vulnerability
 n - a scroll of enchant armour
 o - a scroll of immolation
 p - a scroll of noise
Potions
 h - 3 potions of curing


   Skills:
 - Level 2.0 Fighting
 + Level 5.3 Polearms
 - Level 1.7 Throwing
 + Level 5.3 Dodging


You had 5 spell levels left.
You didn't know any spells.
Your spell library contained the following spells:

 Spells                   Type           Power      Damage    Failure   Level
 Animate Skeleton         Necr           0%         N/A       58%         1
 Apportation              Tloc           0%         N/A       58%         1
 Summon Small Mammal      Summ           0%         N/A       58%         1
 Stone Arrow              Conj/Erth      0%         3d7       91%         3
 Animate Armour           Summ/Erth      0%         N/A       100%        4
 Lehudib's Crystal Spear  Conj/Erth      0%         10d2      100%        8


Dungeon Overview and Level Annotations

Branches:
Dungeon (5/15)
 Temple: D:4-7

Altars:

Annotations:
D:2 Sigmund
D:4 Dowan, Duvessa


Innate Abilities, Weirdness & Mutations

You are mostly covered in large bone plates. (SH +6)
Your demonic aura sometimes causes spilled blood to erupt in flames.
You are agile. (Dex +2)
Your mind is acute. (Int +2)
You passively dampen the noise of your surroundings.


Message History

You fade into invisibility!
Throw: 6 darts (poison)
Press: ? - help, Q - select action, (/) - cycle Shift-Dir - straight line, f - troll
Aim: a troll (62% to hit)
You throw a poisoned dart.
The poisoned dart closely misses the troll.
You barely miss the troll. The troll barely misses you. The troll claws you.
The troll claws you!
Huge Dmg: -20%(-9hp) hp: 80%(35hp) Throw: 5 darts (poison)
Press: ? - help, Q - select action, (/) - cycle Shift-Dir - straight line, f/p - troll
Aim: a troll (62% to hit)
You throw a poisoned dart. The poisoned dart hits the troll.
The troll is poisoned.
Throw: 4 darts (poison)
Press: ? - help, Q - select action, (/) - cycle Shift-Dir - straight line, f/p - troll
Aim: a troll (poisoned, 62% to hit)
You throw a poisoned dart. The poisoned dart hits the troll.
You block the troll's attack. The troll closely misses you.
The troll claws you!
Huge Dmg: -23%(-10hp) hp: 57%(25hp) Reach: a) +0 trident
Press: ? - help, Dir - move target, f/p - troll
Aim: a troll (poisoned, about 37% to evade your +0 trident)
You reach to attack!
You puncture the troll!
The troll is moderately wounded.
You puncture the troll!
The troll is heavily wounded.
The troll bites you!
* * * LOW HITPOINT WARNING * * *
The troll claws you.
* * * LOW HITPOINT WARNING * * *
The troll claws you but does no damage.
Huge Dmg: -28%(-12hp) hp: 32%(14hp)
You hit the troll.
The troll is severely wounded.
The troll closely misses you. The troll claws you!
* * * LOW HITPOINT WARNING * * *
The troll claws you!
You die...

##### ############ ....#
#........... ....# ######
#.#........# ....# #....#
#.#.......!# ....#
#.##.###.#...(....#
....####.#......#..(.....#
....'..........>#T°......#
....#.##.........@........
....#.####.######........#
....#.# #.# ##?..###.#
....#.# #.# #...# #
)...#.# #.. ....+ #####.#
### #...# #+# #...# ####


You could see a troll (poisoned).

Vanquished Creatures
  A black bear (D:3)
  An ogre (D:4)
  A scorpion (D:4)
  A howler monkey (D:5)
  A bullfrog zombie (D:5)
  A centaur skeleton (D:5)
  An iguana (D:4)
  3 adders (D:3)
  2 worms
  A dart slug (D:1)
  4 orcs
  6 endoplasms
  A giant cockroach (D:3)
  11 hobgoblins
  2 jackals (D:3)
  2 quokkas (D:1)
  5 ball pythons
  A bat (D:3)
  2 frilled lizards
  7 goblins
  9 kobolds
  2 rats (D:1)
65 creatures vanquished.

Notes
Turn   | Place    | Note
-------+----------+-------------------------------------------
     0 | D:1      | RepHenryClay the Demonspawn Gladiator began the quest for
                  | the Orb.
     0 | D:1      | Reached XP level 1. HP: 16/16 MP: 1/1
   245 | D:1      | Gained mutation: You are partially covered in large bone
                  | plates. (SH +4) [demonic ancestry]
   245 | D:1      | Reached XP level 2. HP: 22/22 MP: 2/2
   663 | D:2      | Reached XP level 3. HP: 23/27 MP: 3/3
   936 | D:2      | Noticed Sigmund
  1635 | D:3      | Gained mutation: Your demonic aura sometimes causes spilled
                  | blood to erupt in flames. [demonic ancestry]
  1635 | D:3      | Reached XP level 4. HP: 19/33 MP: 4/4
  1810 | D:3      | Found a faded altar of an unknown god.
  2251 | D:4      | Noticed a black bear
  2265 | D:3      | Gained mutation: Your mind is acute. (Int +2) [potion of
                  | mutation]
  2265 | D:3      | Gained mutation: You are agile. (Dex +2) [potion of
                  | mutation]
  2265 | D:3      | Gained mutation: You passively dampen the noise of your
                  | surroundings. [potion of mutation]
  2279 | D:3      | Killed a black bear
  2280 | D:3      | Reached XP level 5. HP: 7/38 MP: 5/5
  2863 | D:4      | Noticed an ogre
  2873 | D:4      | Killed an ogre
  2874 | D:4      | Gained mutation: You are mostly covered in large bone
                  | plates. (SH +6) [demonic ancestry]
  2874 | D:4      | Reached XP level 6. HP: 32/44 MP: 6/6
  3179 | D:3      | Found a faded altar of an unknown god.
  4057 | D:4      | Reached skill level 5 in Polearms
  4057 | D:4      | Reached skill level 5 in Dodging
  4142 | D:4      | Noticed Dowan
  4142 | D:4      | Noticed Duvessa
  4210 | D:5      | Entered Level 5 of the Dungeon
  4228 | D:5      | Noticed a two-headed ogre
  4471 | D:5      | Noticed a troll
  4482 | D:5      | Slain by a troll

Illustrated notes

Levels and vault maps discovered:
D:1:      wander_arrival_chamber, layout_rooms, ebering_dispersal_statue_hall,
          grunt_decor_arrowhead
D:2:      layout_basic, serial_shops, shop, amcnicky_mini_pool_small,
          nicolae_elevator_lobby_plus, uniq_sigmund, uniq_terence
D:3:      layout_loops_ring, hellmonk_ecumenical_altar_lost_god,
          kennysheep_cluttered_room
D:4:      layout_basic, kennysheep_generic_room_7, uniq_duvessa
D:5:      layout_basic, minmay_temple_entry_overgrown, corexii_corridor_pit

Skill      XL: |  1  2  3  4  5  6 |
---------------+-------------------+-----
Polearms       | 3 4 5 |  5.3
Dodging        | 3 4 5 |  5.3
Fighting       | |  2.0
Throwing       | |  1.7

Action                   |  1- 3 |  4- 6 || total
-------------------------+-------+-------++-------
Melee: Trident           |   132 |   104 ||   236
       Punch             |       |     1 ||     1
Throw: Throwing net      |     3 |       ||     3
       Dart              |     2 |    16 ||    18
  Use: Potion            |     1 |     3 ||     4
       Scroll            |       |     9 ||     9
 Stab: Held in net/web   |     1 |       ||     1
Armor: Ring mail         |    25 |    23 ||    48
Dodge: Dodged            |    49 |    64 ||   113
Block: Other             |    14 |    23 ||    37

Table legend: (Time is in decaauts)
 A = Elapsed time spent in this place.
 B = Non-inter-level travel time spent in this place.
 C = Inter-level travel time spent in this place.
 D = Time resting spent in this place.
 E = Time spent auto-exploring this place.
 F = Levels seen in this place.
 G = Mean time per level.
                   A        B        C        D        E       F      G
               +--------+--------+--------+--------+--------+-----+--------+
         Total |   4514 |   4172 |    342 |    777 |   2796 |   5 |  902.8 |
       Dungeon |   4514 |   4172 |    342 |    777 |   2796 |   5 |  902.8 |
               +--------+--------+--------+--------+--------+-----+--------+

Top non-repeatable levels by time:
     D:3: 2144 daAuts
     D:4: 1095 daAuts
     D:1: 685 daAuts
     D:2: 357 daAuts
     D:5: 231 daAuts
